 Dungeon Crawl Stone Soup version 0.20.1-1-g8b1a95d (webtiles) character file.

12704 dohliylev the Unseen (level 11, -2/68 HPs)
             Began as a Vampire Enchanter on Dec 17, 2017.
             Was a High Priest of Makhleb.
             Hit by a large rock thrown by a stone giant (42 damage)
             ... on level 2 of the Orcish Mines.
             The game lasted 01:04:36 (15259 turns).

dohliylev the Unseen (Vampire Enchanter)           Turns: 15259, Time: 01:04:37

Health: -2/68      AC:  7    Str:  7    XL:     11   Next: 65%
Magic:  13/16      EV: 23    Int: 28    God:    Makhleb [*****.]
Gold:   425        SH:  5    Dex: 15    Spells: 3/14 levels left

rFire    + . .     SeeInvis +   I - +8 dagger of Fixation {chaos, *Drain rElec rF+ Int+4}
rCold    . . .     Gourm    .   F - +0 buckler
rNeg     + + .     Faith    .   b - +0 robe
rPois    .         Spirit   .   w - +1 helmet {Int+3}
rElec    +         Reflect  .   g - +1 cloak
rCorr    .         Harm     .   (no gloves)
MR       +....                  L - +0 pair of boots {Fly}
Stlth    ++++++....             t - amulet of rage
Regen    0.3/turn               o - ring of positive energy
MPRegen  0.2/turn               r - +3 ring of evasion

@: flying
A: fangs 3, see invisible, unbreathing
a: Bat Form, Minor Destruction, Lesser Servant of Makhleb, Major Destruction,
Greater Servant of Makhleb, Renounce Religion, Evoke Berserk Rage, Stop Flying


You were on level 2 of the Orcish Mines.
You worshipped Makhleb.
Makhleb was extremely pleased with you.
You were not thirsty.

You visited 3 branches of the dungeon, and saw 13 of its levels.
You also visited: Sewer and Bailey.

You collected 916 gold pieces.
You spent 491 gold pieces at shops.

Inventory:

Hand Weapons
 I - the +8 dagger of Fixation (weapon) {chaos, *Drain rElec rF+ Int+4}
   (You bought it in a shop on level 7 of the Dungeon)

   Each time it hits an enemy it has a different, random effect.
   It affects your intelligence (+4).
   It protects you from fire.
   It insulates you from electricity.
   It causes draining when unequipped.
Armour
 b - a +0 robe (worn)
 g - a +1 cloak (worn)
 w - a +1 helmet of intelligence (worn)
 F - a +0 buckler (worn)
 L - a +0 pair of boots of flying (worn)
Magical Staves
 J - an uncursed staff of air {unknown}
Jewellery
 o - a ring of positive energy (left hand)
 r - a +3 ring of evasion (right hand)
 t - an amulet of rage (around neck)
 N - an uncursed ring of positive energy
Wands
 a - a wand of paralysis (13/24)
 K - a wand of acid (5/15)
 M - a wand of acid (7/15)
Scrolls
 h - 2 scrolls of amnesia
 l - 2 scrolls of remove curse
 n - a scroll of blinking {unknown}
 p - 12 scrolls of identify {unknown}
 q - 3 scrolls of random uselessness {unknown}
 s - a scroll of recharging {unknown}
 y - a scroll of magic mapping
 A - 4 scrolls of enchant armour
 B - 2 scrolls of immolation {unknown}
 C - 4 scrolls of enchant weapon {unknown}
 D - a scroll of fog {unknown}
 H - a scroll of fear {unknown}
Potions
 d - 23 potions of blood
 e - a potion of agility {unknown}
 f - 2 potions of brilliance {unknown}
 i - 4 potions of might {unknown}
 j - 6 potions of curing {unknown}
 k - 2 potions of heal wounds {unknown}
 m - a potion of haste {unknown}
 u - 2 potions of invisibility {unknown}
 x - 3 potions of mutation {unknown}
 z - 3 potions of flight {unknown}
 G - a potion of degeneration {unknown}
Books
 c - a book of Maledictions

   Spells                             Type                      Level
   a - Corona                         Hexes                        1
   b - Ensorcelled Hibernation        Hexes/Ice                    2
   c - Confuse                        Hexes                        3
   d - Tukima's Dance                 Hexes                        3
   e - Dazzling Spray                 Conjuration/Hexes            3
 v - a book of Misfortune

   Spells                             Type                      Level
   a - Confusing Touch                Hexes                        1
   b - Confuse                        Hexes                        3
   c - Gell's Gravitas                Translocation                3
   d - Petrify                        Transmutation/Earth          4
   e - Metabolic Englaciation         Hexes/Ice                    5
   f - Yara's Violent Unravelling     Hexes/Transmutation          5


   Skills:
 - Level 5.0 Short Blades
 - Level 0.7 Throwing
 - Level 0.5 Armour
 - Level 12.0 Dodging
 - Level 16.0 Stealth
 - Level 4.0 Shields
 - Level 1.0 Unarmed Combat
 - Level 2.0 Spellcasting
 - Level 6.1 Hexes
 - Level 0.2 Necromancy
 + Level 7.3 Invocations
 - Level 0.3 Evocations


You had 3 spell levels left.
You knew the following spells:

 Your Spells              Type           Power        Failure   Level  Hunger
a - Tukima's Dance        Hex            #####...     2%          3    ###....
b - Ensorcelled Hibernat  Hex/Ice        ###...       3%          2    ##.....
c - Confuse               Hex            #####...     2%          3    ###....
d - Regeneration          Chrm/Necr      #.........   26%         3    ###....


Dungeon Overview and Level Annotations

Branches:
Dungeon (10/15)            Temple (1/1) D:5             Orc (2/2) D:10
   Lair: D:8-11         Elf: Orc:2

Altars:
Ashenzari
Cheibriados
Dithmenos
Elyvilon
Fedhas
Gozag
Hepliaklqana
Kikubaaqudgha
Makhleb
Nemelex Xobeh
Okawaru
Qazlal
Ru
Sif Muna
Trog
Uskayaw
Vehumet
Xom
Yredelemnul
Zin
The Shining One

Shops:
D:4 *   D:7 (   D:10 =[[*}


Innate Abilities, Weirdness & Mutations

You have razor-sharp teeth.
You have supernaturally acute eyesight. (SInv)
You can survive without breathing.


Message History

Casting: Ensorcelled Hibernation
Confirm with . or Enter, or press ? or * to list all spells.
Aiming: Ensorcelled Hibernation
Press: ? - help, Shift-Dir - straight line, f - stone giant
Aim: a stone giant (chance to defeat MR: 8%)
Okay, then.
Casting: Ensorcelled Hibernation
Confirm with . or Enter, or press ? or * to list all spells.
Aiming: Confuse
Press: ? - help, Shift-Dir - straight line, f - stone giant
Aim: a stone giant (chance to defeat MR: 16%)
The stone giant resists with almost no effort.
The stone giant hits you!
The orc sorcerer casts a spell.
An orc and an orc warrior come into view.
The orc sorcerer points at you and mumbles some strange words.
The bolt of fire hits you! You resist.
The stone giant throws a large rock.
The large rock hits you!!!
Ouch! That really hurt!
You die... . ### .. #.# ..o ... # oPP.

#.# .##
.3o..##.##...##
8oo.....(#.....
o..o.##<..#
.PP....@..#.#..
...............
......C........
..........#....
..........$..##
......$.....##
.o.........#.#
..............#
.............##


You could see a stone giant, an orc sorcerer, 2 orc warriors and 2 orcs.

Vanquished Creatures
  Harold (Orc:1)
  2 two-headed ogres (D:10)
  An unseen horror (shapeshifter) (Orc:1)
  3 trolls
  Grinder (D:5)
  A hippogriff (D:7)
  A spriggan (D:10)
  5 yaks (D:9)
  A wyvern (D:9)
  A human (D:10)
  Eustachio (D:5)
  2 wargs
  Menkaure (D:5)
  A water moccasin (D:8)
  An ice beast (D:10)
  2 sky beasts
  3 black bears
  21 orc warriors
  A phantom (D:8)
  13 centaurs
  10 ogres
  2 crocodiles
  A big kobold (D:8)
  3 bullfrogs
  A gnoll sergeant (D:6)
  A wyvern zombie (D:7)
  2 scorpions
  A killer bee (D:7)
  6 howler monkeys
  An electric eel (D:7)
  3 crimson imps
  12 hounds
  A jelly (D:5)
  7 orc priests
  2 bullfrog skeletons (D:7)
  2 centaur skeletons
  3 iguanas
  Natasha (thrice) (D:2 D:3 D:5)
  14 orc wizards
  3 worker ants
  2 killer bee zombies (D:8)
  A hound zombie (D:5)
  A hound skeleton (D:8)
  12 gnolls
  A howler monkey skeleton (D:9)
  12 adders
  2 shadow imps
  5 worms
  An adder skeleton (D:7)
  4 dart slugs
  5 leopard geckos
  74 orcs
  7 giant cockroaches
  17 goblins
  8 hobgoblins
  5 jackals
  14 kobolds
  6 quokkas
  4 ball pythons
  8 bats
  3 frilled lizards
  A leopard gecko zombie (D:7)
  5 rats
339 creatures vanquished.

Vanquished Creatures (collateral kills)
  2 orc warriors (Bailey)
  An ogre (D:8)
  A centaur (Bailey)
  A gnoll (Orc:1)
  4 orcs (Orc:1)
  A goblin (D:6)
10 creatures vanquished.

Vanquished Creatures (others)
  13 dancing weapons
  An orc (Orc:1)
14 creatures vanquished.

Grand Total: 363 creatures vanquished

Notes
Turn   | Place    | Note
-------+----------+-------------------------------------------
     0 | D:1      | dohliylev the Vampire Enchanter began the quest for the Orb.
     0 | D:1      | Reached XP level 1. HP: 13/13 MP: 3/3
   502 | D:1      | Reached skill level 5 in Stealth
   507 | D:1      | Reached XP level 2. HP: 10/19 MP: 1/5
   513 | D:1      | Learned a level 2 spell: Ensorcelled Hibernation
   868 | D:1      | Reached skill level 5 in Hexes
  1550 | D:2      | Reached XP level 3. HP: 24/24 MP: 3/6
  1652 | D:2      | Noticed Natasha
  2053 | D:2      | Learned a level 3 spell: Tukima's Dance
  2119 | D:2      | Killed Natasha
  2119 | D:2      | Reached skill level 6 in Stealth
  2134 | D:2      | Reached XP level 4. HP: 30/30 MP: 2/7
  2930 | D:2      | Noticed Natasha
  2944 | D:3      | Killed Natasha
  2944 | D:3      | Reached skill level 7 in Stealth
  3366 | D:2      | Reached XP level 5. HP: 31/35 MP: 0/8
  3844 | D:3      | Found a glowing golden altar of the Shining One.
  3885 | D:3      | Reached skill level 8 in Stealth
  4073 | D:3      | Found an iron altar of Okawaru.
  5153 | D:4      | Noticed an ogre
  5178 | D:4      | Killed an ogre
  5178 | D:4      | Reached XP level 6. HP: 41/41 MP: 1/9
  5359 | D:4      | Found Ysafiz's Assorted Antiques.
  5362 | D:4      | Bought a purple potion for 15 gold pieces
  5362 | D:4      | Bought a scroll labeled HUESMI YZXUOR for 17 gold pieces
  5362 | D:4      | Bought a scroll labeled IXZEOXZA LEFUO for 17 gold pieces
  5362 | D:4      | Bought a viscous ruby potion for 15 gold pieces
  5734 | D:5      | Entered Level 5 of the Dungeon
  5783 | D:5      | Reached skill level 5 in Short Blades
  5792 | D:5      | Noticed Eustachio
  5854 | D:5      | Killed Eustachio
  5854 | D:5      | Reached XP level 7. HP: 46/46 MP: 10/10
  5884 | D:5      | Noticed Grinder
  5886 | D:5      | Killed Grinder
  5886 | D:5      | Reached skill level 5 in Dodging
  5906 | D:5      | Noticed Natasha
  5915 | D:5      | Killed Natasha
  5939 | D:5      | Found a staircase to the Ecumenical Temple.
  5952 | Temple   | Entered the Ecumenical Temple
  6050 | Temple   | Became a worshipper of Makhleb the Destroyer
  6446 | D:5      | Noticed Menkaure
  6450 | D:5      | Killed Menkaure
  6450 | D:5      | Reached XP level 8. HP: 52/52 MP: 11/11
  6466 | D:5      | Reached skill level 1 in Unarmed Combat
  6630 | D:6      | Reached skill level 1 in Invocations
  6782 | D:6      | Found a glowing drain.
  6800 | Sewer    | Entered a sewer
  7379 | D:6      | Reached * piety under Makhleb
  7518 | D:6      | Learned a level 3 spell: Confuse
  8154 | D:7      | Reached XP level 9. HP: 57/57 MP: 12/12
  8157 | D:7      | Reached skill level 10 in Dodging
  8698 | D:7      | Reached ** piety under Makhleb
  9621 | D:6      | Reached skill level 9 in Stealth
  9778 | D:7      | Reached skill level 10 in Stealth
  9845 | D:7      | Reached *** piety under Makhleb
  9949 | D:7      | Reached skill level 11 in Stealth
 10043 | D:7      | Reached XP level 10. HP: 63/63 MP: 1/13
 10109 | D:7      | Found Ycowky's Antique Weapon Boutique.
 10112 | D:7      | Bought a crystal dagger for 217 gold pieces
 10112 | D:7      | Identified the +8 dagger of Fixation {chaos, *Drain rElec rF+ Int+4} (You bought it in a shop on level 7 of the Dungeon)
 10182 | D:7      | Found a radiant altar of Vehumet.
 10713 | D:8      | Reached skill level 12 in Stealth
 10872 | D:8      | Learned a level 3 spell: Regeneration
 10932 | D:8      | Reached **** piety under Makhleb
 10980 | D:7      | Reached skill level 13 in Stealth
 10980 | D:7      | Reached skill level 1 in Shields
 11953 | D:9      | Found a radiant altar of Vehumet.
 12122 | D:9      | Reached skill level 14 in Stealth
 12567 | D:9      | Reached skill level 15 in Stealth
 12623 | D:9      | Found a glowing silver altar of Zin.
 12718 | D:10     | Entered Level 10 of the Dungeon
 12718 | D:10     | Found Musemp's Assorted Antiques.
 12727 | D:10     | Bought a pair of glowing boots for 210 gold pieces
 12743 | D:10     | Found Tallet Zuruq's Antique Armour Shop.
 12758 | D:10     | Found Pejiladdut's Jewellery Boutique.
 12827 | D:10     | Noticed a two-headed ogre
 12827 | D:10     | Found a blossoming altar of Fedhas.
 12898 | D:10     | Killed a two-headed ogre
 12898 | D:10     | Reached XP level 11. HP: 38/68 MP: 3/14
 13038 | D:10     | Reached ***** piety under Makhleb
 13057 | D:10     | Reached skill level 16 in Stealth
 13104 | D:10     | Found a staircase to the Orcish Mines.
 13209 | D:10     | Noticed a two-headed ogre
 13215 | D:10     | Killed a two-headed ogre
 13411 | D:10     | Found Isit Nubbo's Gadget Emporium.
 13447 | D:10     | Found Adwuyp's Antique Armour Emporium.
 13597 | Orc:1    | Entered Level 1 of the Orcish Mines
 13600 | Orc:1    | Noticed an orc warlord
 13608 | Orc:1    | Noticed Harold
 13612 | Orc:1    | Found a flagged portal.
 13622 | Bailey   | Entered a bailey
 14149 | Bailey   | Reached skill level 5 in Invocations
 14993 | Orc:1    | Noticed an unseen horror
 15019 | Orc:1    | Killed an unseen horror
 15084 | Orc:1    | Killed Harold
 15255 | Orc:2    | Entered Level 2 of the Orcish Mines
 15255 | Orc:2    | Noticed an orc sorcerer
 15255 | Orc:2    | Noticed a stone giant
 15257 | Orc:2    | Noticed an orc sorcerer
 15259 | Orc:2    | Noticed a soul eater
 15259 | Orc:2    | Hit by a large rock thrown by a stone giant

Skill      XL: |  1  2  3  4  5  6  7  8  9 10 11 |
---------------+----------------------------------+-----
Stealth        | 5 6 7 8 11 15 16 | 16.0
Hexes          | 5 6 |  6.1
Short Blades   | 3 5 |  5.0
Dodging        | 3 6 9 12 | 12.0
Unarmed Combat | 1 |  1.0
Invocations    | 2 7 |  7.3
Shields        | 2 4 |  4.0
Throwing       | |  0.7
Armour         | |  0.5
Spellcasting   | |  2.0
Necromancy     | |  0.2
Evocations     | |  0.3

Action                   |  1- 3 |  4- 6 |  7- 9 | 10-12 || total
-------------------------+-------+-------+-------+-------++-------
Melee: Dagger            |    89 |    92 |   399 |   406 ||   986
       Bite              |     5 |     2 |    24 |    20 ||    51
 Cast: Corona            |     3 |       |       |       ||     3
       Ensorcelled Hiber |    17 |    58 |   131 |    92 ||   298
       Tukima's Dance    |       |       |     5 |    43 ||    48
       Confuse           |       |       |     9 |    11 ||    20
       Regeneration      |       |       |       |     2 ||     2
Invok: Minor Destruction |       |       |       |    19 ||    19
 Abil: End Transformatio |     2 |     1 |       |     1 ||     4
       Bat Form          |     2 |     1 |       |     1 ||     4
       Evoke Berserk Rag |       |       |       |     2 ||     2
  Use: Scroll            |     4 |     1 |     2 |     3 ||    10
       Potion            |       |     3 |     2 |       ||     5
 Stab: Sleeping          |    14 |    40 |    93 |    61 ||   208
       Confused          |       |       |     3 |     3 ||     6
       Paralysed         |       |       |       |     3 ||     3
       Distracted        |       |       |       |     2 ||     2
       Petrified         |       |       |       |     1 ||     1
  Eat: Corpse            |     4 |     9 |    18 |    26 ||    57
Armor: Robe              |    41 |    22 |    43 |    37 ||   143
Dodge: Dodged            |    66 |    30 |   286 |   401 ||   783
Block: Buckler           |       |       |     1 |    94 ||    95
